 Dungeon Crawl Stone Soup version 0.24-a0-809-g71cb82dfb8 (webtiles) character file.

Game seed: 16210444633562717478, levelgen mode: deterministic

81 Arixos the Skirmisher (level 4, -5/36 HPs)
             Began as a Mummy Monk on Oct 11, 2019.
             Slain by a killer bee (7 damage)
             ... on level 3 of the Dungeon.
             The game lasted 00:05:50 (1862 turns).

Arixos the Skirmisher (Mummy Monk)                  Turns: 1862, Time: 00:05:51

Health: -5/36      AC:  2    Str: 15    XL:     4   Next: 19%
Magic:  4/4        EV: 13    Int:  9    God:
Gold:   78         SH:  0    Dex: 14    Spells: 3/3 levels left

rFire    x . .     SeeInvis .   h - +0 quarterstaff
rCold    + . .     Gourm    .   (shield currently unavailable)
rNeg     + + +     Faith    .   b - +0 robe
rPois    ∞         Spirit   .   (no helmet)
rElec    .         Reflect  .   (no cloak)
rCorr    .         Harm     .   (no gloves)
MR       +....                  (no boots)
Stlth    ++........             (no amulet)
HPRegen  0.12/turn              f - ring of protection from magic
MPRegen  0.09/turn              (no ring)

@: no status effects
A: no food or potions, fire vulnerability, cold resistance 1, negative energy
resistance 3, torment resistance, unbreathing
a: no special abilities


You were on level 3 of the Dungeon.
You were not hungry.

You visited 1 branch of the dungeon, and saw 3 of its levels.

You collected 78 gold pieces.

Inventory:

Hand Weapons
 h - a +0 quarterstaff (weapon)
Missiles
 a - 23 poisoned darts (quivered)
Armour
 b - a +0 robe (worn)
 d - a +0 buckler
Jewellery
 f - a ring of protection from magic (left hand)
Scrolls
 c - a scroll of identify {unknown}
 e - a scroll of immolation {unknown}
 g - 3 scrolls of teleportation {unknown}
 i - a scroll of magic mapping {unknown}
 j - a scroll of remove curse {unknown}


   Skills:
 + Level 3.6 Fighting
   Level 2.4(2.5) Polearms
 + Level 0.9(1.8) Staves
 + Level 1.4 Armour
 + Level 3.0 Dodging
 - Level 1.5 Stealth
 - Level 0.5 Shields


You had 3 spell levels left.
You didn't know any spells.
Your spell library was empty.

Dungeon Overview and Level Annotations

Branches:
Dungeon (3/15)

Altars:


Innate Abilities, Weirdness & Mutations

You do not eat or drink.
Your flesh is vulnerable to fire.
You are immune to poison.
Your flesh is cold resistant. (rC+)
You are immune to negative energy. (rN+++)
You are immune to unholy pain and torment.
You can survive without breathing.


Message History

The killer bee barely misses you.
You miss the killer bee. The killer bee stings you.
The killer bee closely misses you.
You closely miss the killer bee. The killer bee stings you.
* * * LOW HITPOINT WARNING * * *
The killer bee closely misses you.
You thump the killer bee!
The killer bee is severely wounded.
The killer bee stings you!
* * * LOW HITPOINT WARNING * * *
The killer bee closely misses you. The killer bee misses you.
You barely miss the killer bee.
The killer bee is severely wounded.
The killer bee closely misses you. x2
You barely miss the killer bee.
The killer bee is heavily wounded.
The killer bee stings you.
* * * LOW HITPOINT WARNING * * *
The killer bee stings you!
You die...

###### #....#######
#.##.......#
...#.......###
##.......†.'.#
##.##......#.#######
.#..'......#.......##
.####......#####....#
.).##......# #@#..#
##.#############y#..#
..)............yy..>#
....###.............#
....# ............#
....# ............#
....# ...........##
....# ...........#
....# ...........#


You could see 3 killer bees.

Vanquished Creatures
  A gnoll (D:2)
  An adder (D:3)
  An ooze (D:3)
  2 dart slugs (D:1)
  A leopard gecko (D:2)
  5 orcs (D:3)
  3 giant cockroaches
  7 goblins
  2 hobgoblins
  6 jackals (D:3)
  A quokka (D:2)
  5 bats
  2 frilled lizards (D:1)
  3 kobolds
  4 rats
44 creatures vanquished.

Notes
Turn   | Place    | Note
-------+----------+-------------------------------------------
     0 | D:1      | Arixos the Mummy Monk began the quest for the Orb.
     0 | D:1      | Reached XP level 1. HP: 18/18 MP: 1/1
   387 | D:1      | Reached XP level 2. HP: 24/24 MP: 2/2
   986 | D:2      | Reached skill level 1 in Armour
   986 | D:2      | Reached XP level 3. HP: 29/29 MP: 3/3
  1752 | D:3      | Reached XP level 4. HP: 26/35 MP: 4/4
  1862 | D:3      | Slain by a killer bee

Levels and vault maps discovered:
D:1:      dpeg_arrival_long_road, layout_basic
D:2:      layout_basic, yredelemnul_altar_generic
D:3:      layout_basic, minmay_parallelograms

Skill      XL: |  1  2  3  4 |
---------------+-------------+-----
Armour         | 1 |  1.4
Dodging        | 3 |  3.0
Fighting       | |  3.6
Polearms       | |  2.4
Staves         | |  0.9
Stealth        | |  1.5
Shields        | |  0.5

Action                   |  1- 3 |  4- 6 || total
-------------------------+-------+-------++-------
Melee: Spear             |    64 |       ||    64
       Quarterstaff      |    85 |    17 ||   102
 Stab: Sleeping          |     5 |       ||     5
Armor: Robe              |    23 |     2 ||    25
Dodge: Dodged            |    89 |    18 ||   107
Block: Buckler           |     2 |       ||     2

Table legend:
 A = Non-vault XP
 B = Vault XP
 C = Vault XP percentage of total XP
 D = Non-vault monster count
 E = Vault monster count
 F = Vault count percentage of total count
                 A         B        C        D         E       F
            +---------+---------+-------+---------+---------+-------
      Total |     116 |       0 |   0.0 |      44 |       0 |   0.0
            +---------+---------+-------+---------+---------+-------
        D:1 |      28 |       0 |   0.0 |      16 |       0 |   0.0
        D:2 |      25 |       0 |   0.0 |       6 |       0 |   0.0
        D:3 |      63 |       0 |   0.0 |      22 |       0 |   0.0
            +---------+---------+-------+---------+---------+-------
